Map: Cloud Kingdom LE

Players

MCMC (MC) - Winner!

  • Race: Protoss Protoss
  • Spawn Location: 1:00

Stephano

  • Race: Zerg Zerg
  • Spawn Location: 7:00

Event: Gamers8 2023

VOD

Have the link to the VOD?

Description

Time

  • Played on: Aug. 5, 2023, 9:16 a.m.
  • Length: 12:57

All games in this series

Show
View Real Time Build Order
Export as new Build Order

MCMC Protoss - Winner!

Build Orders: 1 Gate Expand, Oracle Opening, Carriers 

Get SALT Encoding   

  12  0:00  Probe  
  13  0:12  Probe  
  14  0:18  Pylon  
  14  0:24  Probe  
  15  0:37  Gateway  
  15  0:39  Probe (Chrono Boost)  
  16  0:48  Probe (Chrono Boost)  
  16  0:49  Assimilator  
  17  0:53  Probe  
  18  1:06  Probe  
  19  1:18  Probe  
  20  1:26  Nexus  
  20  1:36  Cybernetics Core  
  21  1:40  Probe  
  21  1:46  Assimilator  
  21  1:52  Probe  
  22  1:54  Pylon  
  22  2:04  Probe (Chrono Boost)  
  23  2:10  Adept (Chrono Boost)  
  26  2:16  Probe (Chrono Boost)  
  26  2:21  Probe (Chrono Boost)  
  27  2:23  Stargate  
  27  2:33  Adept, Probe (Chrono Boost)  
  30  2:37  Warp Gate  
  30  2:38  Probe (Chrono Boost)  
  32  2:48  Probe x2 (Chrono Boost)  
  33  2:56  Probe  
  34  2:59  Pylon  
  34  3:02  Probe  
  34  3:03  Adept  
  37  3:08  Probe  
  38  3:16  Probe  
  38  3:17  Void Ray (Chrono Boost)  
  43  3:20  Probe  
  44  3:28  Probe  
  44  3:30  Gateway  
  44  3:32  Probe  
  44  3:33  Adept  
  48  3:40  Probe  
  49  3:47  Oracle  
  52  3:50  Pylon  
  52  3:56  Probe x2  
  52  4:00  Pylon  
  54  4:08  Probe x2  
  54  4:20  Probe x2  
  54  4:23  Nexus  
  56  4:25  Pylon  
  54  4:32  Probe  
  54  4:33  Probe  
  54  4:38  Assimilator, Fleet Beacon  
  56  4:40  Assimilator  
  56  4:43  Shield Battery  
  56  4:45  Probe x2  
  58  4:51  Stargate  
  58  4:57  Probe x2  
  60  5:00  Zealot x2  
  60  5:05  Pylon  
  64  5:09  Probe x2  
  66  5:21  Probe x2  
  68  5:23  Carrier (Chrono Boost)  
  74  5:30  Protoss Air Weapons Level 1  
  74  5:32  Zealot x2  
  74  5:33  Probe  
  74  5:34  Assimilator  
  79  5:36  Probe  
  79  5:37  Probe  
  81  5:44  Assimilator  
  81  5:45  Carrier (Chrono Boost), Probe  
  81  5:49  Probe  
  89  5:53  Probe  
  90  5:57  Probe  
  90  6:01  Probe  
  92  6:05  Probe  
  92  6:09  Carrier (Chrono Boost), Probe  
  94  6:12  Pylon  
  94  6:13  Pylon, Probe  
  101  6:24  Pylon  
  101  6:27  Pylon  
  101  6:28  Forge, Twilight Council  
  101  6:30  Probe x2  
  103  6:33  Carrier (Chrono Boost), Probe  
  110  6:42  Probe x2  
  110  6:46  Pylon, Probe  
  113  6:54  Probe x2  
  113  6:55  Protoss Ground Weapons Level 1  
  113  6:56  Carrier (Chrono Boost)  
  113  6:58  Probe  
  113  6:59  Zealot  
  124  7:02  Blink (Chrono Boost)  
  124  7:15  Gateway  
  124  7:17  Pylon, Gateway  
  124  7:23  Carrier  
  124  7:27  Gateway  
  130  7:41  Zealot  
  130  7:42  Zealot  
  134  7:46  Gateway  
  134  7:47  Gateway  
  134  7:49  Templar Archives  
  134  7:56  Gateway  
  134  7:57  Gateway  
  134  7:59  Gateway  
  134  8:05  Stalker x2  
  134  8:08  Psionic Storm  
  129  8:12  Stalker  
  129  8:13  Stalker  
  133  8:29  High Templar x3  
  133  8:30  Nexus  
  139  8:35  Pylon  
  139  8:37  Pylon  
  139  8:41  Photon Cannon  
  139  8:46  Stalker x4  
  147  8:50  Charge  
  141  8:56  Protoss Ground Weapons Level 2 (Chrono Boost)  
  141  8:57  Stalker x3  
  141  8:59  Shield Battery  
  147  9:02  Shield Battery  
  147  9:06  Zealot x2  
  141  9:28  Stalker x9  
  149  9:41  Photon Cannon  
  149  9:43  Photon Cannon  
  147  9:47  Stalker  
  142  10:01  Stalker x4  
  142  10:02  Stalker  
  142  10:05  Stalker x2  
  142  10:06  Stalker  
  147  10:10  Stalker  
  141  10:25  Archon  
  121  10:30  Stalker x7  
  121  10:31  Probe x2  
  134  10:38  High Templar  
  134  10:39  High Templar  
  138  10:47  Stalker  
  138  10:49  Archon  
  138  10:58  Stalker x2  
  138  10:59  Stalker x2  
  138  11:00  Assimilator  
  138  11:01  Assimilator  
  146  11:06  Probe x3  
  146  11:09  Probe  
  150  11:13  Photon Cannon  
  150  11:15  Photon Cannon  
  150  11:18  Probe x2  
  150  11:19  High Templar x2  
  150  11:30  High Templar, Archon  
  150  11:31  Zealot  
  132  11:38  Zealot, Stalker x3  
  132  11:39  Zealot  
  108  11:57  Zealot x2, High Templar x2  
  111  12:06  Zealot x2, Stalker x3  
  111  12:07  Zealot  
  123  12:11  Probe x4  
  127  12:19  Stalker x2  
  123  12:40  Archon  
  123  12:42  Stalker x4  
  123  12:43  Stalker x5  
  133  12:49  Stalker  
Show
View Real Time Build Order
Export as new Build Order

Stephano Zerg 

Build Orders: Hatch First 

Get SALT Encoding   

  12  0:00  Drone  
  13  0:12  Overlord  
  13  0:17  Drone  
  14  0:30  Drone x2  
  16  0:51  Hatchery, Drone  
  16  0:56  Drone  
  17  0:59  Drone  
  18  1:10  Extractor  
  17  1:15  Spawning Pool  
  16  1:19  Drone  
  16  1:22  Drone  
  18  1:28  Drone  
  19  1:39  Drone  
  20  1:49  Drone  
  21  2:03  Queen x2, Zergling x2  
  21  2:04  Drone  
  27  2:14  Drone  
  27  2:15  Overlord  
  28  2:32  Hatchery  
  28  2:33  Drone x3  
  30  2:38  Metabolic Boost  
  30  2:45  Queen  
  32  2:52  Overlord  
  32  2:55  Zergling x2  
  32  2:56  Drone  
  34  2:59  Drone  
  34  3:00  Drone  
  36  3:13  Drone x3  
  36  3:14  Zergling x6  
  36  3:15  Drone  
  36  3:19  Overlord  
  43  3:25  Queen  
  43  3:26  Extractor  
  44  3:30  Spore Crawler  
  44  3:34  Overlord  
  44  3:38  Drone x2  
  46  3:42  Drone x2  
  46  3:48  Drone x5  
  53  3:52  Spore Crawler  
  52  3:56  Overlord  
  52  3:57  Drone  
  52  4:05  Spore Crawler  
  52  4:06  Drone x3  
  54  4:10  Overlord  
  54  4:15  Drone x3  
  56  4:27  Zergling x4  
  57  4:31  Drone x5  
  57  4:37  Drone x4  
  66  4:40  Overlord  
  66  4:43  Queen, Extractor x2  
  66  4:46  Evolution Chamber  
  66  4:48  Roach Warren  
  63  4:57  Lair  
  63  4:59  Overlord  
  63  5:02  Drone x4  
  63  5:03  Drone x2  
  63  5:04  Overlord  
  69  5:09  Drone x2  
  69  5:14  Zerg Melee Weapons Level 1, Overlord  
  71  5:15  Overlord  
  71  5:20  Overlord  
  71  5:27  Overlord  
  71  5:33  Extractor  
  71  5:34  Extractor  
  68  5:38  Zergling x2  
  68  5:39  Zergling x6  
  68  5:41  Drone  
  68  5:42  Hatchery  
  72  5:43  Overlord  
  72  5:47  Overlord  
  72  5:52  Overlord  
  72  5:57  Overlord  
  72  5:59  Overlord, Drone  
  72  6:00  Drone x4  
  72  6:02  Hatchery  
  77  6:06  Overlord  
  77  6:07  Drone x2  
  79  6:13  Overlord  
  79  6:14  Glial Reconstitution  
  79  6:15  Drone  
  79  6:16  Drone x2  
  82  6:27  Extractor, Spire  
  80  6:33  Drone x2  
  80  6:34  Drone x3  
  80  6:37  Drone x3  
  80  6:38  Queen x2  
  91  6:45  Baneling Nest  
  90  6:53  Zergling x6  
  90  6:54  Zergling x14  
  97  7:02  Extractor  
  97  7:04  Drone  
  97  7:05  Extractor, Drone x3  
  99  7:11  Zerg Melee Weapons Level 2  
  99  7:14  Drone x3  
  103  7:15  Queen, Drone x2  
  103  7:16  Spore Crawler x2, Drone  
  103  7:17  Queen, Spore Crawler  
  104  7:40  Queen  
  105  7:48  Baneling x6  
  104  7:51  Corruptor x4  
  104  7:52  Corruptor x4  
  118  8:03  Drone x5  
  118  8:04  Drone x2  
  125  8:05  Corruptor  
  125  8:06  Corruptor  
  123  8:14  Zergling x4  
  123  8:15  Zergling x8  
  129  8:20  Centrifugal Hooks  
  129  8:25  Zergling x14  
  138  8:34  Roach x4  
  144  8:44  Roach x7  
  158  8:52  Hatchery  
  158  8:55  Corruptor x4  
  149  8:58  Ravager  
  149  8:59  Ravager x3, Baneling x3  
  149  9:01  Zergling x4  
  157  9:04  Zergling x6  
  149  9:23  Corruptor x6  
  141  9:30  Corruptor  
  141  9:31  Corruptor  
  131  9:39  Zergling x20  
  138  9:51  Roach x8  
  153  9:57  Zergling x12  
  141  10:03  Roach x4  
  141  10:06  Baneling x5  
  138  10:14  Zergling x10  
  138  10:15  Zergling x2  
  137  10:25  Roach x6  
  134  10:34  Ravager x2  
  134  10:35  Ravager x4  
  132  10:36  Baneling x14  
  132  10:37  Zergling x4  
  130  10:44  Roach x3  
  130  10:46  Zergling x4  
  135  10:54  Zergling x2  
  135  10:55  Zergling x4  
  138  11:03  Zergling x8  
  142  11:10  Zergling x2  
  142  11:11  Zergling x6  
  146  11:17  Hatchery  
  145  11:21  Zergling x4  
  145  11:22  Zergling x6  
  113  11:32  Zergling x2  
  113  11:33  Zergling x16  
  113  11:38  Roach x2  
  107  11:40  Pneumatized Carapace  
  103  11:49  Zergling x10  
  96  11:56  Zergling x4  
  96  11:58  Queen x2  
  96  12:01  Roach  
  100  12:08  Roach x2  
  102  12:12  Roach  
  102  12:14  Baneling x10  
  102  12:15  Ravager x2  
  106  12:17  Roach x2  
  110  12:25  Roach  
  110  12:28  Roach x2  
  117  12:32  Roach x2  
  113  12:37  Roach x2  
Tags
 
Add a new tag
Caveats
  • Supply blocks, unpowered buildings, or Contaminate may cause inaccurate times.
  • Supply counts are checked every 10 seconds.